 Dungeon Crawl Stone Soup version 0.26.1-10-gdfb7c7de75 (webtiles) character file.

Game seed: 10579286615767214205

508 Eitelfritz the Slasher (level 6, -6/51 HPs)
             Began as a Minotaur Gladiator on Apr 5, 2021.
             Killed from afar by an orc wizard (13 damage)
             ... with a puff of frost
             ... on level 4 of the Dungeon.
             The game lasted 00:06:04 (3186 turns).

Eitelfritz the Slasher (Minotaur Gladiator)         Turns: 3186, Time: 00:06:05

Health: -6/51      AC:  6    Str: 18    XL:     6   Next: 98%
Magic:  5/5        EV: 11    Int:  7    God:
Gold:   177        SH:  0    Dex: 12    Spells: 5/5 levels left

rFire    . . .     SeeInvis .   a - +1 long sword
rCold    . . .     Faith    .   (no shield)
rNeg     . . .     Spirit   .   e - +0 scale mail
rPois    .         Reflect  .   c - +0 hat
rElec    .         Harm     .   (no cloak)
rCorr    +         Rampage  .   (no gloves)
Will     .....                  (no boots)
Stlth    ..........             (no amulet)
HPRegen  0.17/turn              p - ring of resist corrosion
MPRegen  0.09/turn              (no ring)

@: no status effects
A: retaliatory headbutt, horns 2
a: no special abilities


You were on level 4 of the Dungeon.
You visited 1 branch of the dungeon, and saw 4 of its levels.

You collected 177 gold pieces.

Inventory:

Hand Weapons
 a - a +1 long sword (weapon)
 s - a +2 spear of venom
Missiles
 d - 4 throwing nets (quivered)
 r - 4 poisoned darts
 t - 3 boomerangs
Armour
 b - a +0 leather armour
 c - a +0 hat (worn)
 e - a +0 scale mail (worn)
 i - a +0 plate armour
 l - a scarf of harm
Jewellery
 h - an uncursed amulet of the acrobat {unknown}
 p - a ring of resist corrosion (left hand)
Wands
 q - a wand of random effects (20)
Scrolls
 g - a scroll of teleportation
 m - a scroll of remove curse
Potions
 f - a potion of curing
 k - 2 potions of mutation
 o - 2 potions of berserk rage {unknown}


   Skills:
 + Level 3.5 Fighting
 + Level 7.2 Long Blades
 + Level 2.2 Throwing
 + Level 3.6 Armour
 + Level 4.4 Dodging
 + Level 0.9 Stealth


You had 5 spell levels left.
You didn't know any spells.
Your spell library was empty.

Dungeon Overview and Level Annotations

Branches:
Dungeon (4/15)
 Temple: D:4-7

Altars:
Ashenzari
Elyvilon

Shops:
D:4 =


Innate Abilities, Weirdness & Mutations

You reflexively headbutt those who attack you in melee.
You have a pair of horns on your head.


Message History

* * * LOW HITPOINT WARNING * * *
The orc priest barely misses you. The orc wizard barely misses you.
You riposte.
You hit the orc wizard but do no damage.
You headbutt the orc wizard.
The orc wizard is lightly wounded.
Things that are here:
a +0 long sword; a +0 robe; an orc corpse You hit the orc priest.
The orc priest is moderately wounded.
The orc priest looks encouraged for a moment.
The orc wizard hits you with a +0 spear.
* * * LOW HITPOINT WARNING * * *
The orc drinks a potion.
The orc seems to speed up.
You hit the orc priest. You headbutt the orc priest.
You kill the orc priest!
Your surroundings suddenly seem different.
The orc wizard casts a spell at you. The puff of frost hits you!
You die...

###[##.............#
#.#....#.#####......
#.##...........#
#.........#...#
#.####..#.....## #.#
##....#...## #.#
####..#...##. #.#
#######........ #.#
#......@...#... #.#
#......o....... #.#
#.....†........ #.#
#....o......... #.#
#.o.......##...
#)###.........# ...
#.)...##.....#.....
#o.#####.......###
#### #..P♣...#


You could see an orc wizard (fast) and 2 orcs.

Vanquished Creatures
  A scorpion (D:4)
  A bullfrog skeleton (D:4)
  A gnoll shaman (D:3)
  An orc priest (D:4)
  Ijyb (D:3)
  A worker ant (D:4)
  3 orc wizards
  A hound skeleton (D:3)
  11 adders
  6 gnolls
  A worm (D:3)
  2 dart slugs
  6 leopard geckos
  An orc (D:2)
  A ball python (D:2)
  7 bats
  3 giant cockroaches
  11 goblins
  5 hobgoblins
  4 jackals (D:1)
  A quokka (D:3)
  3 frilled lizards
  6 kobolds
  3 rats (D:1)
81 creatures vanquished.

Notes
Turn   | Place    | Note
-------+----------+-------------------------------------------
     0 | D:1      | Eitelfritz the Minotaur Gladiator began the quest for the
                  | Orb.
     0 | D:1      | Reached XP level 1. HP: 18/18 MP: 0/0
   276 | D:1      | Reached skill level 4 in Long Blades
   299 | D:1      | Reached XP level 2. HP: 20/25 MP: 1/1
   502 | D:1      | Found a broken altar of Ashenzari.
   912 | D:2      | Reached skill level 1 in Armour
   912 | D:2      | Reached XP level 3. HP: 11/30 MP: 2/2
   918 | D:2      | Reached XP level 4. HP: 12/37 MP: 3/3
  1136 | D:2      | Reached skill level 5 in Long Blades
  1761 | D:3      | Reached XP level 5. HP: 15/44 MP: 4/4
  2022 | D:3      | Noticed Ijyb
  2035 | D:3      | Killed Ijyb
  2356 | D:3      | Reached skill level 6 in Long Blades
  2373 | D:3      | Reached XP level 6. HP: 44/51 MP: 5/5
  2770 | D:3      | Found a white marble altar of Elyvilon.
  2912 | D:4      | Found Koumm's Jewellery Shoppe.
  3136 | D:4      | Reached skill level 7 in Long Blades
  3186 | D:4      | Killed from afar by an orc wizard

Illustrated notes

Levels and vault maps discovered:
D:1:      kennysheep_arrival_seaside, layout_basic, ashenzari_altar_1
D:2:      layout_basic
D:3:      layout_basic, elyvilon_altar_3, uniq_ijyb
D:4:      layout_rooms, gammafunk_temple_overflow_statue, serial_shops,
          nicolae_shop_crystal, serial_park_tiny_1, kennysheep_small_spiral,
          amcnicky_altar_gilded

Skill      XL: |  1  2  3  4  5  6 |
---------------+-------------------+-----
Long Blades    | 4 5 6 7 |  7.2
Armour         | 1 2 3 |  3.6
Dodging        | 4 |  4.4
Fighting       | 3 |  3.5
Throwing       | |  2.2
Stealth        | |  0.9

Action                   |  1- 3 |  4- 6 || total
-------------------------+-------+-------++-------
Melee: Long sword        |    58 |   129 ||   187
       Headbutt          |     9 |    23 ||    32
  Use: Scroll            |       |     7 ||     7
       Potion            |       |     2 ||     2
Armor: Scale mail        |    44 |    62 ||   106
Dodge: Dodged            |    47 |    98 ||   145
       Rpst.: Long sword |    11 |    26 ||    37
